 Dungeon Crawl Stone Soup version 0.23.2-40-g277498a001 (webtiles) character file.

Game seed: 8022414363877881899

40 FishyPogo the Chiller (level 3, 0/24 HPs)
             Began as a Barachi Ice Elementalist on Aug 12, 2019.
             Hit by a stone thrown by a kobold (1 damage)
             ... on level 2 of the Dungeon.
             The game lasted 00:07:20 (1122 turns).

FishyPogo the Chiller (Barachi Ice Elementalist)    Turns: 1122, Time: 00:07:21

Health: 0/24       AC:  3    Str:  9    XL:     3   Next: 50%
Magic:  1/6        EV: 27    Int: 16    God:
Gold:   100        SH:  0    Dex: 12    Spells: 4/7 levels left

rFire    . . .     SeeInvis .   a - +0 club
rCold    . . .     Gourm    .   (no shield)
rNeg     . . .     Faith    .   h - +0 leather armour
rPois    .         Spirit   .   (no helmet)
rElec    .         Reflect  .   (no cloak)
rCorr    .         Harm     .   (no gloves)
MR       .....                  (no boots)
Stlth    ++........             j - amulet of the acrobat
HPRegen  0.08/turn              (no ring)
MPRegen  0.10/turn              (no ring)

@: lethally poisoned (0 -> -3), can't hop, acrobat, slow
A: +LOS, swims, slowness 1, strong legs 1
a: Hop


You were on level 2 of the Dungeon.
You were hungry.

You visited 1 branch of the dungeon, and saw 2 of its levels.

You collected 100 gold pieces.

Inventory:

Hand Weapons
 a - a +0 club (weapon)
 k - a +0 hand axe
Missiles
 b - 8 exploding tomahawks
 d - 17 stones (quivered)
Armour
 h - a +0 leather armour (worn)
Jewellery
 j - an amulet of the acrobat (around neck)
Scrolls
 e - 2 scrolls of identify
 g - a scroll of remove curse
Comestibles
 c - 5 rations
 f - 7 chunks of flesh


   Skills:
 + Level 1.0 Armour
 + Level 2.6 Dodging
 - Level 2.0 Stealth
 + Level 2.6 Spellcasting
 - Level 1.1 Conjurations
 * Level 4.4 Ice Magic


You had 4 spell levels left.
You knew the following spells:

 Your Spells              Type           Power        Failure   Level  Hunger
a - Freeze                Ice            ###.         4%          1    #......
b - Throw Frost           Conj/Ice       ##....       13%         2    ##.....

Your spell library contained the following spells:

 Spells                   Type           Power        Failure   Level  Hunger
 Ozocubu's Armour         Chrm/Ice       #.......     32%         3    ###....
 Throw Icicle             Conj/Ice       ##......     65%         4    #####..
 Summon Ice Beast         Ice/Summ       #.......     71%         4    #####..


Dungeon Overview and Level Annotations

Branches:
Dungeon (2/15)

Altars:
Xom


Innate Abilities, Weirdness & Mutations

Shadows flee at your approach. (+LOS)
You can swim through water.
You cover ground slowly.
You can hop short distances.


Message History

Your surroundings suddenly seem different.
Found a fustibalus.
Found a stone staircase leading up and a stone staircase leading down.
A kobold comes into view.
There are no items here.
There are no items here.
There are no items here.
As you read the scroll labeled WYRIYTOTEO, it crumbles to dust.
It is a scroll of identify.
k - a +0 hand axe
* * * LOW HITPOINT WARNING * * *
You feel sick.
The kobold shouts!
The kobold throws a stone.
The stone barely misses you.
Unknown command.
The kobold throws a stone.
The stone completely misses you.
You see here a stone.
* * * LOW HITPOINT WARNING * * *
You feel sick.
The kobold throws a stone.
The stone hits you.
You die...

..# ..# ..#
######## #########
..
.>......##.......#
..
.........#.......#
.
..K..............#
.........<.......#
.....)...(.......#
..........@......#
.................#
..
.........#.......#
##
################.#
#


You could see a kobold.

Vanquished Creatures
  An adder (D:2)
  A dart slug (D:2)
  A leopard gecko (D:2)
  2 giant cockroaches
  3 goblins
  7 jackals (D:1)
  3 kobolds (D:1)
  3 bats (D:1)
  4 rats
25 creatures vanquished.

Notes
Turn   | Place    | Note
-------+----------+-------------------------------------------
     0 | D:1      | FishyPogo the Barachi Ice Elementalist began the quest for
                  | the Orb.
     0 | D:1      | Reached XP level 1. HP: 13/13 MP: 3/3
   375 | D:1      | Reached XP level 2. HP: 15/19 MP: 5/5
   385 | D:1      | Learned a level 2 spell: Throw Frost
   462 | D:1      | Reached skill level 4 in Ice Magic
  1035 | D:2      | Found a shimmering altar of Xom.
  1049 | D:2      | Reached XP level 3. HP: 23/24 MP: 6/6
  1109 | D:2      | Reached skill level 1 in Armour
  1122 | D:2      | HP: 1/24 [poisoned by an adder]
  1122 | D:2      | Hit by a stone thrown by a kobold

Skill      XL: |  1  2  3 |
---------------+----------+-----
Stealth        | 2 |  2.0
Ice Magic      | 4 |  4.4
Armour         | 1 |  1.0
Dodging        | |  2.6
Spellcasting   | |  2.6
Conjurations   | |  1.1

Action                   || total
-------------------------++-------
Melee: Club              ||    65
 Cast: Freeze            ||    20
       Throw Frost       ||     6
 Abil: Hop               ||     1
  Use: Scroll            ||     3
 Stab: Sleeping          ||     2
  Eat: Chunk             ||     1
Armor: Leather armour    ||    29
Dodge: Dodged            ||    71
